 Dungeon Crawl Stone Soup version 0.28.0-43-g3370ac3207 (webtiles) character file.

Game seed: 1896744124000437754

1021 nickcage the Chiller (level 8, -7/57 HPs)
             Began as a Red Draconian Ice Elementalist on Mar 24, 2022.
             Was an Initiate of Vehumet.
             Shot with an arrow by a centaur (9 damage)
             ... on level 5 of the Dungeon.
             The game lasted 00:15:55 (5277 turns).

nickcage the Chiller (DrIE)                         Turns: 5277, Time: 00:15:56

Health: -7/57      AC: 12    Str: 11    XL:     8   Next: 2%
Magic:  3/17       EV: 12    Int: 17    God:    Vehumet [......]
Gold:   183        SH:  0    Dex: 12    Spells: 11/19 levels left

rFire   + . .      SeeInvis .   h - +3 dagger (venom)
rCold   . . .      Faith    .   (no shield)
rNeg    . . .      Spirit   .   (armour unavailable)
rPois   .          Reflect  .   (helmet restricted)
rElec   .          Harm     .   o - +0 cloak
rCorr   .          Rampage  .   l - +0 pair of gloves
Will    .....                   (no boots)
Stlth   ++........              (no amulet)
HPRegen 0.19/turn               f - +4 ring of protection
MPRegen 0.15/turn               (no ring)

@: short of breath
A: breathe fire, AC +6, unfitting armour, fire resistance 1, cold-blooded
a: Breathe Fire, Renounce Religion


You were on level 5 of the Dungeon.
You worshipped Vehumet.
Vehumet was noncommittal.
You visited 2 branches of the dungeon, and saw 6 of its levels.

You collected 183 gold pieces.

Inventory:

Hand Weapons
 c - a +0 club
 e - a +0 short sword
 h - a +3 dagger of venom (weapon)
Armour
 l - a +0 pair of gloves (worn)
 o - a +0 cloak (worn)
Jewellery
 f - a +4 ring of protection (left hand)
Wands
 q - a wand of polymorph (4)
Scrolls
 d - 2 scrolls of teleportation
 i - 2 scrolls of identify
Potions
 a - a potion of flight {unknown}
 b - a potion of berserk rage {unknown}
 k - 2 potions of brilliance
 n - a potion of heal wounds {unknown}


   Skills:
 - Level 0.7 Maces & Flails
 - Level 1.7 Dodging
 - Level 1.7 Stealth
 + Level 6.0 Spellcasting
 * Level 2.4 Conjurations
 - Level 6.1 Ice Magic


You had 11 spell levels left.
You knew the following spells:

 Your Spells              Type           Power      Damage    Failure   Level
a - Freeze                Ice            100%       1d11      1%          1
b - Frozen Ramparts       Ice            52%        1d7       3%          3
c - Ozocubu's Armour      Ice            26%        N/A       3%          3
d - Magic Dart            Conj           52%        1d5       4%          1

Your spell library contained the following spells:

 Spells                   Type           Power      Damage    Failure   Level
 Searing Ray              Conj           26%        2d5       7%          2
 Hailstorm                Conj/Ice       19%        3d6       22%         4
 Fulminant Prism          Conj/Hex       4%         3d6       61%         4


Dungeon Overview and Level Annotations

Branches:
Dungeon (5/15)             Temple (1/1) D:4

Altars:
Ashenzari
Cheibriados
Dithmenos
Elyvilon
Fedhas
Gozag
Hepliaklqana
Kikubaaqudgha
Makhleb
Nemelex Xobeh
Okawaru
Qazlal
Ru
Sif Muna
Trog
Uskayaw
Vehumet
Wu Jian
Yredelemnul
Zin
The Shining One

Annotations:
D:3 3 runed translucent doors, pkoi's ghost, amateur NaFE


Innate Abilities, Weirdness & Mutations

You can breathe blasts of fire.
Your fiery red scales are hard. (AC +6)
You cannot fit into any form of body armour.
Your flesh is heat resistant. (rF+)
You are cold-blooded and may be slowed by cold attacks.


Message History

Vehumet accepts your kill.
A centaur comes into view.
The centaur wields a +0 shortbow.
The centaur shoots an arrow.
The arrow hits you.
An orc priest comes into view. It is wielding a +0 flail.
You hear a shout!
Things that are here:
a +0 morningstar; a +0 leather armour You hit the orc priest.
The orc priest is poisoned.
The orc priest is moderately wounded.
The orc priest hits you but does no damage.
You hit the orc priest.
The orc priest looks as sick as possible!
Your tail-slap misses the orc priest.
The orc priest is heavily wounded.
The orc priest hits you with a +0 flail.
An orc comes into view. It is wielding a +0 dagger.
The orc priest calls upon Beogh to heal the orc priest.
The orc priest is healed somewhat.
Aiming: Breathe Fire (5% risk of failure)
Press: ? - help, Shift-Dir - straight line, f - orc priest
Aim: an orc priest, wielding a +0 flail (moderately wounded, extremely poisoned, 68% to hit)
You breathe a blast of fire.
The fiery breath misses the orc priest.
The orc priest hits you but does no damage.
The orc priest mumbles some strange prayers to Beogh against you.
Pain shoots through your body!
The orc priest mumbles some strange prayers to Beogh against you.
Beogh smites you!
* * * LOW HITPOINT WARNING * * *
You kill the orc priest!
Vehumet accepts your kill.
The centaur shoots an arrow.
The arrow hits you but does no damage.
The orc priest calls down the wrath of Beogh upon you.
Pain shoots through your body!
* * * LOW HITPOINT WARNING * * *
Your Spellcasting skill increases to level 6!
You have reached level 8!
You feel stronger.
The centaur shoots an arrow.
The arrow hits you!
You die...

**,,,* **,,,,,,..#...,.o.,,,,
**,,,,* **..#####.#.#*..#*,,,,
*,,,,**#**,..........#...#**,,,
*,,,,,,..,*..#####†.....##**,,,
**,,,,,,..*#......†.#....#*,,,,
**,,,,,,....#####†.#....#,,,,,
*,,,,,,,#......(..o..#,.,,,,,
***,,,,,*#.#####)....#*,,*,,,
**,,,,*#..@..)co..##*******
******#########.## *##


You could see a centaur and an orc.

Vanquished Creatures
  Sigmund (D:5)
  A sky beast (D:5)
  A black bear (D:5)
  An orc warrior (D:5)
  A scorpion (D:5)
  3 killer bees (D:5)
  A centaur zombie (D:5)
  An orc priest (D:5)
  3 hounds (D:5)
  An iguana (D:5)
  An orc wizard (D:5)
  7 adders
  4 worms
  3 dart slugs
  14 orcs
  11 endoplasms
  3 giant cockroaches
  12 goblins
  13 hobgoblins
  4 jackals (D:3)
  2 kobolds (D:1)
  3 quokkas (D:2)
  12 ball pythons
  2 bats
  6 frilled lizards
  5 rats
116 creatures vanquished.

Notes
Turn   | Place    | Note
-------+----------+-------------------------------------------
     0 | D:1      | nickcage the Draconian Ice Elementalist began the quest for
                  | the Orb.
     0 | D:1      | Reached XP level 1. HP: 14/14 MP: 3/3
   237 | D:1      | Reached XP level 2. HP: 20/20 MP: 3/5
   935 | D:1      | Reached XP level 3. HP: 26/26 MP: 4/6
   981 | D:1      | Reached skill level 5 in Ice Magic
  1004 | D:1      | Learned a level 3 spell: Frozen Ramparts
  1540 | D:2      | Found a faded altar of an unknown god.
  1738 | D:2      | Reached XP level 4. HP: 29/33 MP: 4/7
  2574 | D:3      | Learned a level 3 spell: Ozocubu's Armour
  2659 | D:3      | Found a runed translucent gate.
  2659 | D:3      | Found a runed translucent gate.
  2659 | D:3      | Found a runed translucent gate.
  2670 | D:3      | Identified the +5 plate armour "Axtouqarr" {Rampage rF+}
  2749 | D:3      | Noticed pkoi's ghost (amateur NaFE)
  2934 | D:3      | Reached XP level 5. HP: 38/38 MP: 4/8
  3681 | D:4      | Found a staircase to the Ecumenical Temple.
  3698 | Temple   | Entered the Ecumenical Temple
  3725 | Temple   | Became a worshipper of Vehumet
  4554 | D:5      | Entered Level 5 of the Dungeon
  4555 | D:5      | Noticed an orc warrior
  4567 | D:5      | Killed an orc warrior
  4568 | D:5      | Reached XP level 6. HP: 22/45 MP: 2/10
  4759 | D:5      | Your scales start taking on a fiery red colour.
  4759 | D:5      | Reached XP level 7. HP: 47/50 MP: 0/13
  4759 | D:5      | Gained mutation: Your flesh is heat resistant. (rF+) [Red
                  | Draconian growth]
  4861 | D:5      | Learned a level 1 spell: Magic Dart
  5124 | D:5      | Noticed Sigmund
  5138 | D:5      | Killed Sigmund
  5139 | D:5      | Reached skill level 5 in Spellcasting
  5139 | D:5      | Reached skill level 1 in Conjurations
  5276 | D:5      | HP: 2/50 [orc priest/nerve-wracking pain (10)]
  5277 | D:5      | Reached XP level 8. HP: 2/57 MP: 3/17
  5277 | D:5      | Shot with an arrow by a centaur

Illustrated notes

Levels and vault maps discovered:
D:1:      dpeg_arrival_signposts, layout_loops_ring
D:2:      layout_basic, nicolae_ecumenical_snake_handling,
          minmay_misc_feat_enclosed
D:3:      layout_basic, gammafunk_ghost_icy
D:4:      layout_loops_ring, minmay_temple_entry_trees
D:5:      layout_cave_pools, serial_shops, kennysheep_little_box,
          nicolae_shop_trees, minmay_misc_feat_rows, amethyst_killhole,
          kennysheep_cross_room, grunt_ministairs_6, st_stairs_11, uniq_sigmund
Temple:   nicolae_temple_the_god_donut

Skill      XL: |  1  2  3  4  5  6  7 |
---------------+----------------------+-----
Ice Magic      | 5 6 6 |  6.1
Spellcasting   | 3 4 6 |  6.0
Conjurations   | 2 |  2.4
Maces & Flails | |  0.7
Dodging        | |  1.7
Stealth        | |  1.7

Action                   |  1- 3 |  4- 6 |  7- 9 || total
-------------------------+-------+-------+-------++-------
Melee: Club              |    14 |       |       ||    14
       Unarmed           |     5 |       |       ||     5
       Tailslap          |     5 |     4 |     4 ||    13
       Short sword       |    10 |       |       ||    10
       Dagger            |    12 |    49 |    17 ||    78
 Cast: Freeze            |    55 |    54 |     8 ||   117
       Frozen Ramparts   |       |     8 |     5 ||    13
       Ozocubu's Armour  |       |     2 |     2 ||     4
       Magic Dart        |       |       |    16 ||    16
 Abil: Breathe Fire      |       |       |     1 ||     1
  Use: Scroll            |       |       |     7 ||     7
 Stab: Sleeping          |     3 |     1 |       ||     4
Armor: Skin              |    21 |    34 |    31 ||    86
Dodge: Dodged            |    55 |    42 |    24 ||   121
